[Event "Titled Tuesday Blitz June 20 Early 2023"]
[White "Shohat, Yotam"]
[Black "Mahdavi, Reza"]
[WhiteFideId "2813955"]
[BlackFideId "12595926"]
[WhiteElo "2226"]
[BlackElo "2395"]
[Result "1/2-1/2"]
[Round "2"]
[TimeControl "180+2"]
[Date "2023.06.20"]
[WhiteClock "0:00:10"]
[BlackClock "0:00:35"]
[Board "74"]

1. e4 c5 2. Nf3 d6 3. d4 cxd4 4. Nxd4 Nf6 5. Nc3 a6 6. Be3 e5 7. Nb3 Be7 8. f3 Be6 9. Qd2 Nbd7 10. g4 b5 11. a4 b4 12. Nd5 Bxd5 13. exd5 a5 14. Bb5 O-O 15. O-O-O Rc8 16. Kb1 Qc7 17. h4 Nb6 18. Bc6 Nc4 19. Qd3 Nxe3 20. Qxe3 Nd7 21. Rd2 Nb8 22. Bb5 Kh8 23. g5 f5 24. f4 Rf7 25. g6 hxg6 26. h5 g5 27. h6 g6 28. fxe5 dxe5 29. d6 Bxd6 30. Qxg5 Kh7 31. Rg1 Rg8 32. Bc4 Qxc4 33. Rxd6 Qf4 34. Qg2 g5 35. Qd5 Rgf8 36. Nc5 Qd4 37. Qxd4 exd4 38. Rxg5 Rf6 39. Rxf6 Rxf6 40. Nb3 Nc6 41. Nc5 Kxh6 42. Rg1 f4 43. Nd3 f3 44. Kc1 Kh5 45. Kd2 Kh4 46. Ke1 Re6+ 47. Kf2 Re2+ 48. Kxf3 Rxc2 49. Rg6 Kh5 50. Re6 Kg5 51. Ke4 b3 52. Kd5 Nb4+ 53. Nxb4 axb4 54. Kxd4 Rxb2 55. Rb6 Ra2 56. Rxb4 b2 57. Kc3 Rxa4 58. Rxb2 Kf5 59. Rb5+ Ke6 60. Rb4 Ra8 61. Kd4 Rh8 62. Rb6+ Kf5 63. Kc5 Ke5 64. Rc6 Rh1 65. Rg6 Rc1+ 66. Kb4 Kf4 67. Rf6+ Ke4 68. Rh6 Rc8 69. Rh4+ Kd3 70. Rh3+ Kd2 71. Rh2+ Ke3 72. Rh3+ Kf4 73. Rc3 Rb8+ 74. Kc5 Ke4 75. Rc4+ Ke5 76. Rc3 Rc8+ 77. Kb4 Rb8+ 78. Kc5 Rb7 79. Re3+ Kf4 80. Re1 Rc7+ 81. Kd4 Rd7+ 82. Kc3 Kf3 83. Rf1+ Ke2 84. Ra1 Ke3 85. Re1+ Kf2 86. Ra1 Rc7+ 87. Kd4 Rc8 88. Ra2+ Kf3 89. Ra3+ Kf4 90. Ra1 Rd8+ 91. Kc5 Ke3 92. Re1+ Kd2 93. Re6 Kc3 94. Rd6 Rc8+ 95. Rc6 Rh8 96. Kd5+ Kd3 97. Ke6 Kd4 98. Rc1 Rh6+ 99. Kf5 Rh5+ 100. Kf4 Ra5 101. Rd1+ Kc3 102. Rc1+ Kd2 103. Rc8 Ra7 104. Rd8+ Ke2 105. Re8+ Kf2 106. Rb8 Ra4+ 107. Ke5 Ra5+ 108. Ke4 1/2-1/2


[Site "https://www.chess.com"]

[Event "Titled Tuesday Blitz June 20 Early 2023"]
[White "Seo, Jung Min"]
[Black "Sharapov, Evgeny"]
[WhiteFideId "1734687"]
[BlackFideId "14103133"]
[WhiteElo "2468"]
[BlackElo "2367"]
[Result "1/2-1/2"]
[Round "2"]
[TimeControl "180+2"]
[Date "2023.06.20"]
[WhiteClock "0:00:10"]
[BlackClock "0:00:44"]
[Board "75"]

1. e4 c5 2. Nf3 d6 3. d4 cxd4 4. Qxd4 e5 5. Qd3 h6 6. c4 Nf6 7. Nc3 Be7 8. Be2 O-O 9. O-O Nbd7 10. Be3 a6 11. Rfd1 Qc7 12. h3 Nc5 13. Qc2 b6 14. b4 Ncd7 15. Rac1 Bb7 16. Nd2 Rac8 17. a3 Rfe8 18. Qb2 Qb8 19. Qb1 Qa8 20. Bd3 Rc7 21. Nd5 Nxd5 22. cxd5 Rec8 23. Rxc7 Rxc7 24. Nc4 b5 25. Na5 Qc8 26. Rc1 Rxc1+ 27. Qxc1 Qxc1+ 28. Bxc1 Bc8 29. g3 Nb6 30. Kg2 f5 31. f3 fxe4 32. fxe4 Bg5 33. Bxg5 hxg5 34. Be2 Kf7 35. h4 gxh4 36. gxh4 Kf6 37. Nc6 Bd7 38. Nb8 Bc8 39. Kg3 Nc4 40. Bxc4 bxc4 41. Kf2 c3 42. Ke3 Kg6 43. Nc6 Kh5 44. Ne7 Bd7 45. Nf5 g6 46. Nxd6 Kxh4 47. Nf7 g5 48. Nxe5 Bb5 49. d6 g4 50. d7 Bxd7 51. Nxd7 c2 52. Kd2 g3 53. Ne5 g2 54. Nf3+ Kg3 55. Ng1 Kf2 56. Nh3+ Kg3 57. Ng1 Kf2 58. Nh3+ Kg3 59. Ng1 1/2-1/2


[Site "https://www.chess.com"]

[Event "Titled Tuesday Blitz June 20 Early 2023"]
[White "Yuan, Qingyu"]
[Black "Horak, Martin"]
[WhiteFideId "8609772"]
[BlackFideId "367095"]
[WhiteElo "2359"]
[BlackElo "2091"]
[Result "1-0"]
[Round "2"]
[TimeControl "180+2"]
[Date "2023.06.20"]
[WhiteClock "0:00:04"]
[BlackClock "0:00:01"]
[Board "76"]

1. e4 c5 2. Nf3 Nc6 3. Bb5 d6 4. O-O Bd7 5. Re1 Nf6 6. c3 a6 7. Bf1 Bg4 8. h3 Bh5 9. g4 Bg6 10. d4 cxd4 11. cxd4 d5 12. e5 Ne4 13. Nc3 e6 14. Bd3 Nxc3 15. bxc3 Bxd3 16. Qxd3 Na5 17. Bg5 Be7 18. h4 Nc4 19. Kg2 Rc8 20. Rab1 h6 21. Bxe7 Qxe7 22. Rb4 a5 23. Rb3 Qd7 24. g5 hxg5 25. hxg5 b6 26. Rbb1 Kd8 27. Rh1 Kc7 28. Rh7 Rcg8 29. Rbh1 Qe8 30. g6 fxg6 31. Ng5 Kd7 32. Rxh8 Rxh8 33. Rxh8 Qxh8 34. Qxg6 Qg8 35. Nh7 Ke7 36. Ng5 Kd7 37. Kg3 b5 38. f4 b4 39. f5 exf5 40. Qxf5+ Kc6 41. cxb4 axb4 42. e6 Nd6 43. Qe5 Qe8 44. e7 Kd7 45. Qe6+ Kc7 46. Kg4 g6 47. Kg3 Qxe7 48. Qxe7+ 1-0


[Site "https://www.chess.com"]

[Event "Titled Tuesday Blitz June 20 Early 2023"]
[White "Asavasaetakul, Chawit"]
[Black "Rohith Krishna S"]
[WhiteFideId "6204856"]
[BlackFideId "46617051"]
[WhiteElo "1919"]
[BlackElo "2270"]
[Result "0-1"]
[Round "2"]
[TimeControl "180+2"]
[Date "2023.06.20"]
[WhiteClock "0:00:17"]
[BlackClock "0:01:16"]
[Board "77"]

1. e4 e5 2. Nf3 Nc6 3. Nc3 Nf6 4. d4 exd4 5. Nxd4 Bb4 6. Nxc6 bxc6 7. Bd3 d5 8. exd5 O-O 9. O-O cxd5 10. Bg5 c6 11. Na4 h6 12. Bh4 Be7 13. c4 Be6 14. Rc1 Rb8 15. b3 d4 16. Re1 Nd7 17. Bxe7 Qxe7 18. c5 Rfd8 19. Qf3 Rbc8 20. Re4 Nf6 21. Re5 Qc7 22. Rce1 Rd5 23. Rxd5 Bxd5 24. Qh3 Rd8 25. Qh4 Qa5 26. Rd1 Qb4 27. h3 Bxb3 28. axb3 Qxb3 29. Bc2 Qxc2 30. Rxd4 Re8 31. Kh2 Re2 32. Rc4 Qf5 33. Rf4 Qe5 34. g3 g5 35. Qxh6 gxf4 0-1


[Site "https://www.chess.com"]

[Event "Titled Tuesday Blitz June 20 Early 2023"]
[White "Renjith, Sravan"]
[Black "a-z30"]
[WhiteFideId "4306783"]
[WhiteElo "2104"]
[BlackElo "2508"]
[Result "1-0"]
[Round "2"]
[TimeControl "180+2"]
[Date "2023.06.20"]
[WhiteClock "0:00:09"]
[BlackClock "0:00:00"]
[Board "78"]

1. Nf3 Nf6 2. d4 e6 3. g3 b6 4. Bg2 Bb7 5. O-O c5 6. c3 Be7 7. Nbd2 O-O 8. Qc2 Qc7 9. e4 cxd4 10. Nxd4 d6 11. Re1 a6 12. N2f3 Nbd7 13. Nd2 Rac8 14. Nf1 b5 15. f3 d5 16. Bf4 Bd6 17. Bxd6 Qxd6 18. Rad1 b4 19. Qb3 dxe4 20. fxe4 a5 21. cxb4 Qxb4 22. Qxb4 axb4 23. Nb3 Ne5 24. h3 h5 25. Rc1 Rfd8 26. Red1 Rxd1 27. Rxd1 Rc2 28. Rd2 Rc7 29. Re2 Nfd7 30. Nfd2 Nc5 31. Nxc5 Rxc5 32. Nb3 Rc4 33. Na5 Rc7 34. Nxb7 Rxb7 35. Kf2 Ra7 36. b3 Rc7 37. Ke3 g6 38. Rd2 Kg7 39. Bf1 Rc3+ 40. Kf2 Kf6 41. Be2 Ke7 42. Bd1 g5 43. Re2 Rd3 44. Bc2 Rd4 45. Ke3 Rd6 46. Rd2 Rxd2 47. Kxd2 Kd6 48. Ke3 Kc5 49. h4 gxh4 50. gxh4 Ng6 51. Bd1 Nxh4 52. Bxh5 Ng6 53. Be2 Ne5 54. Bf1 f6 55. Bh3 f5 56. exf5 exf5 57. Bxf5 Nc6 58. Be4 Nd4 59. Kd3 Ne6 60. Bf5 Nc7 61. Be4 Nb5 62. Kc2 Nc7 63. Bd3 Ne6 64. Bc4 Nd4+ 65. Kd3 Nc6 66. Bg8 Na5 67. Ke4 Nc6 68. Be6 Na5 69. Bd5 Kb5 70. Ke5 Kb6 71. Ke6 Kc5 72. Ke5 Kb6 73. Kd6 Kb5 74. Kc7 Kc5 75. Ba8 Kb5 76. Bf3 Kc5 77. Bg2 Kb5 78. Kd6 Kb6 79. Bd5 Kb5 80. Kc7 Kc5 81. Bf3 Kb5 82. Bg2 Kc5 83. Kd7 Kb5 84. Kd6 Kb6 85. Be4 Kb5 86. Bd3+ Kb6 87. Be4 Kb5 88. Kc7 Kc5 89. Bb7 Kb5 90. Bc8 Kc5 91. Bd7 1-0


[Site "https://www.chess.com"]

[Event "Titled Tuesday Blitz June 20 Early 2023"]
[White "Vafin, Ayrat"]
[Black "Priasmoro, Novendra"]
[WhiteFideId "4146530"]
[BlackFideId "7105029"]
[WhiteElo "2317"]
[BlackElo "2412"]
[Result "0-1"]
[Round "2"]
[TimeControl "180+2"]
[Date "2023.06.20"]
[WhiteClock "0:00:00"]
[BlackClock "0:00:57"]
[Board "79"]

1. c4 Nf6 2. g3 g6 3. Bg2 Bg7 4. Nc3 O-O 5. d4 d6 6. Nf3 Nc6 7. O-O e5 8. dxe5 dxe5 9. Qxd8 Rxd8 10. Bg5 Be6 11. Nd2 h6 12. Bxf6 Bxf6 13. Nde4 Be7 14. Nd5 Bxd5 15. cxd5 Nd4 16. Nc3 Bb4 17. Rae1 Rab8 18. e3 Bxc3 19. bxc3 Nf5 20. f4 Re8 21. e4 Nd6 22. f5 g5 23. f6 b5 24. h4 gxh4 25. gxh4 Kh7 26. Kh2 Rg8 27. Bh3 a5 28. Bf5+ Kh8 29. Rg1 Rxg1 30. Rxg1 Rg8 31. Rf1 Ne8 32. Bd7 Nd6 33. Bc6 Rg4 34. Rb1 Rxh4+ 35. Kg3 Rxe4 36. Bxb5 Re3+ 37. Kg4 Rxc3 38. Bd7 Kh7 39. Rb8 Kg6 40. Rg8+ Kxf6 41. Rh8 Kg7 42. Ra8 f5+ 43. Kh4 e4 44. Rxa5 e3 45. Ra7 e2 0-1


[Site "https://www.chess.com"]

[Event "Titled Tuesday Blitz June 20 Early 2023"]
[White "Gorovets, Andrey"]
[Black "Ljukin, Sergei"]
[WhiteFideId "13504037"]
[BlackFideId "14102200"]
[WhiteElo "2459"]
[BlackElo "2312"]
[Result "0-1"]
[Round "2"]
[TimeControl "180+2"]
[Date "2023.06.20"]
[WhiteClock "0:00:00"]
[BlackClock "0:00:05"]
[Board "80"]

1. c4 c6 2. g3 d5 3. Nf3 Nf6 4. Bg2 Bf5 5. Qb3 Qb6 6. d3 Qxb3 7. axb3 Nbd7 8. Be3 e5 9. Rxa7 Rxa7 10. Bxa7 Bb4+ 11. Nfd2 d4 12. f4 c5 13. Bxb7 O-O 14. O-O Bh3 15. Rd1 exf4 16. gxf4 Re8 17. Ne4 Nxe4 18. dxe4 Re7 19. Bc6 Nf6 20. Bb8 Nxe4 21. Na3 Re6 22. Bxe4 Rxe4 23. Nc2 Rxe2 24. Nxb4 cxb4 25. Rxd4 h5 26. f5 Rg2+ 27. Kh1 Rxb2 28. Kg1 Rg2+ 29. Kh1 Rb2 30. Kg1 Rxb3 31. f6 gxf6 32. c5 Rf3 33. Rf4 Rxf4 34. Bxf4 Bd7 35. Kf2 Bc6 36. Kg3 Kh7 37. Bc1 Kg6 38. Kf4 b3 39. Bb2 f5 40. h4 Be4 41. Bc3 Bd5 42. Bb2 Bc6 43. Bc3 Bd7 44. Bb2 Kh7 45. Bc3 Kg8 46. Bf6 Kf8 47. Kg5 Ke8 48. Kf4 Be6 49. Bb2 Kd7 50. Ba1 Kc6 51. Bb2 Kxc5 52. Ke3 Kc4 53. Ba1 Kb4 54. Bb2 Bd7 55. Kf4 Kc4 56. Ke3 f4+ 57. Kxf4 Kd3 0-1


[Site "https://www.chess.com"]

[Event "Titled Tuesday Blitz June 20 Early 2023"]
[White "Amilal Munkhdalai"]
[Black "Kokoszczynski, Jan"]
[WhiteFideId "4903250"]
[BlackFideId "1174460"]
[WhiteElo "2293"]
[BlackElo "2139"]
[Result "1-0"]
[Round "2"]
[TimeControl "180+2"]
[Date "2023.06.20"]
[WhiteClock "0:00:54"]
[BlackClock "0:00:02"]
[Board "81"]

1. e4 e5 2. Nf3 Nc6 3. Bb5 a6 4. Ba4 Nf6 5. d3 d6 6. c3 g6 7. O-O Bg7 8. Re1 O-O 9. d4 Nd7 10. Nbd2 b5 11. Bb3 exd4 12. Bd5 Bb7 13. Nxd4 Nxd4 14. Bxb7 Ra7 15. Bd5 Ne6 16. Nf3 Ne5 17. Be3 c5 18. a4 Re7 19. axb5 axb5 20. Nxe5 Bxe5 21. g3 Nc7 22. Bg5 Nxd5 23. Qxd5 Qe8 24. Bxe7 Qxe7 25. Ra8 b4 26. Rxf8+ Qxf8 27. cxb4 cxb4 28. b3 Qc8 29. Rd1 Qc2 30. Qd3 Qc5 31. Kg2 g5 32. Rd2 h6 33. Ra2 Kg7 34. Rc2 Qb6 35. Qd5 Bd4 36. Rc6 Qa7 37. Qxd6 Bc3 38. Qxh6+ Kg8 39. Rc8# 1-0


[Site "https://www.chess.com"]

[Event "Titled Tuesday Blitz June 20 Early 2023"]
[White "Vovk, Orest"]
[Black "Srihari L R"]
[WhiteFideId "14113490"]
[BlackFideId "46617116"]
[WhiteElo "2215"]
[BlackElo "2334"]
[Result "0-1"]
[Round "2"]
[TimeControl "180+2"]
[Date "2023.06.20"]
[WhiteClock "0:00:03"]
[BlackClock "0:00:02"]
[Board "82"]

1. g4 d5 2. Bg2 c6 3. h3 h5 4. g5 h4 5. d4 Bf5 6. Nc3 e6 7. e4 dxe4 8. Bxe4 Ne7 9. Nf3 Nd7 10. Be3 Bxe4 11. Nxe4 Nf5 12. Qd3 Qa5+ 13. Bd2 Bb4 14. Bxb4 Qxb4+ 15. Qc3 Qxc3+ 16. bxc3 O-O-O 17. Ke2 Rhe8 18. Ne5 Nxe5 19. dxe5 Rd5 20. f4 Red8 21. Rhd1 Kc7 22. Rxd5 cxd5 23. Nd2 b6 24. a4 Kb7 25. Kd3 Rc8 26. a5 b5 27. a6+ Kb6 28. Nf3 Rc4 29. Nd4 g6 30. Rb1 Nxd4 31. cxd4 Kxa6 32. c3 Kb6 33. Rg1 b4 34. cxb4 Rxb4 35. Kc3 Rc4+ 36. Kd3 Ra4 37. Rb1+ Kc7 38. Rc1+ Kb7 39. Rb1+ Ka8 40. Rb3 Ra1 41. Rc3 Kb7 42. Rb3+ Kc7 43. Rc3+ Kd7 44. Rb3 a5 45. Rb7+ Ke8 46. Rb8+ Ke7 47. Rh8 Ra3+ 48. Ke2 Rxh3 49. Ra8 Ra3 50. Ra7+ Kf8 51. Ra8+ Kg7 52. Kf2 Ra2+ 53. Kg1 h3 54. Kh1 a4 55. Kg1 a3 56. Kh1 Rf2 57. Rxa3 Rxf4 58. Rd3 Rg4 59. Kh2 Rxg5 60. Kxh3 f6 61. exf6+ Kxf6 62. Kh4 Rf5 63. Kg4 e5 64. dxe5+ Kxe5 65. Re3+ Kd4 66. Re6 Rf1 67. Kg3 Kc3 68. Kg2 Rf5 69. Rc6+ Kd3 70. Rxg6 d4 71. Ra6 Ke2 72. Ra2+ Ke3 73. Ra1 d3 74. Re1+ Kd2 75. Re8 Kc2 76. Rc8+ Kd1 77. Rd8 d2 78. Ra8 Rc5 79. Rc8 Rxc8 0-1


[Site "https://www.chess.com"]

[Event "Titled Tuesday Blitz June 20 Early 2023"]
[White "Nikolova, Adriana"]
[Black "Tristan, Leonardo"]
[WhiteFideId "2908689"]
[BlackFideId "113816"]
[WhiteElo "2213"]
[BlackElo "2461"]
[Result "0-1"]
[Round "2"]
[TimeControl "180+2"]
[Date "2023.06.20"]
[WhiteClock "0:00:00"]
[BlackClock "0:00:02"]
[Board "83"]

1. d4 d5 2. Bf4 Nf6 3. e3 c5 4. c3 Nc6 5. Nd2 Bf5 6. Qb3 Qd7 7. Ngf3 e6 8. Ne5 Nxe5 9. dxe5 c4 10. Nxc4 dxc4 11. Bxc4 O-O-O 12. exf6 Qd2+ 13. Kf1 gxf6 14. Kg1 Rg8 15. Bg3 Bc5 16. Bf1 Rg4 17. Qb5 Bb6 18. a4 Rd5 19. Qe8+ Rd8 20. Qb5 Bc7 21. Qc5 e5 22. Qxa7 Qxb2 23. Qa8+ Bb8 24. Re1 Qxc3 25. Re2 Rd1 26. h3 Rxf1+ 27. Kh2 Rxh1+ 28. Kxh1 Rb4 29. Kh2 Qc4 30. Rd2 Rxa4 0-1


[Site "https://www.chess.com"]

[Event "Titled Tuesday Blitz June 20 Early 2023"]
[White "Pulpan, Jakub"]
[Black "TomLiu777"]
[WhiteFideId "302759"]
[WhiteElo "2484"]
[BlackElo "2479"]
[Result "1-0"]
[Round "2"]
[TimeControl "180+2"]
[Date "2023.06.20"]
[WhiteClock "0:01:07"]
[BlackClock "0:00:13"]
[Board "84"]

1. a3 Nf6 2. Nf3 g6 3. b3 Bg7 4. Bb2 O-O 5. g3 b6 6. Bg2 Bb7 7. c4 Bc8 8. d4 c6 9. Ne5 d5 10. cxd5 cxd5 11. Nc3 Bf5 12. O-O a6 13. Rc1 Qd6 14. Nxd5 Nxd5 15. e4 Be6 16. Nc4 Qd7 17. exd5 Bg4 18. f3 Bf5 19. Nxb6 Qb7 20. Nxa8 Qxa8 21. f4 Qa7 22. Kh1 h5 23. Qe2 a5 24. d6 exd6 25. d5 Bxb2 26. Qxb2 Nd7 27. b4 axb4 28. axb4 h4 29. gxh4 Re8 30. h5 Kh7 31. hxg6+ fxg6 32. Rc6 Qb8 33. Qc3 Be4 34. Bxe4 Rxe4 35. Qh3+ Kg8 36. Qxd7 Re8 37. Rc7 1-0


[Site "https://www.chess.com"]

[Event "Titled Tuesday Blitz June 20 Early 2023"]
[White "Lavrik, Dmitry"]
[Black "Bettalli, Francesco"]
[WhiteFideId "24113190"]
[BlackFideId "2816453"]
[WhiteElo "2345"]
[BlackElo "2216"]
[Result "1-0"]
[Round "2"]
[TimeControl "180+2"]
[Date "2023.06.20"]
[WhiteClock "0:00:16"]
[BlackClock "0:00:24"]
[Board "85"]

1. c4 g6 2. Nc3 Bg7 3. Nf3 c6 4. d4 d5 5. cxd5 cxd5 6. h3 Nf6 7. Bf4 O-O 8. e3 Ne4 9. Rc1 Nc6 10. Be2 Bf5 11. O-O Nxc3 12. Rxc3 Qa5 13. a3 Rac8 14. b4 Qb6 15. Qb3 a5 16. b5 a4 17. Qb2 Na5 18. Rfc1 Nb3 19. Rxc8 Bxc8 20. Bc7 Qa7 21. Rc3 b6 22. Nd2 Nxd2 23. Qxd2 Bd7 24. Qc2 Qa5 25. Qb2 Rc8 26. Rc2 Qe1+ 27. Bf1 Bf5 28. Rc1 Qa5 29. g4 Bd7 30. Bd3 h6 31. f3 Qa7 32. Bg3 Qb7 33. Kf1 h5 34. Ke2 hxg4 35. hxg4 f6 36. Kd2 Kf7 37. Qb4 Rxc1 38. Kxc1 Qc8+ 39. Kd2 Qh8 40. Ke2 Qh3 41. Bf2 Bh6 42. Qxa4 Bxg4 43. fxg4 Qxg4+ 44. Ke1 Qh3 45. Qb3 e6 46. Bf1 Qf5 47. a4 Bf8 48. a5 bxa5 49. b6 Bd6 50. b7 Bb4+ 51. Qxb4 axb4 52. b8=Q Qb1+ 53. Ke2 Qc2+ 54. Kf3 Qf5+ 55. Kg2 Qe4+ 56. Kg1 Qg4+ 57. Bg3 e5 58. Qc7+ Kg8 59. Qd8+ Kg7 60. Kf2 exd4 61. Qc7+ Kg8 62. exd4 Qxd4+ 63. Kg2 Qe4+ 64. Kh2 Qc2+ 65. Qxc2 1-0


[Site "https://www.chess.com"]

[Event "Titled Tuesday Blitz June 20 Early 2023"]
[White "Andreev, Konstantin"]
[Black "Fus, Jakub"]
[WhiteFideId "24239305"]
[BlackFideId "1193023"]
[WhiteElo "2106"]
[BlackElo "2335"]
[Result "0-1"]
[Round "2"]
[TimeControl "180+2"]
[Date "2023.06.20"]
[WhiteClock "0:00:03"]
[BlackClock "0:00:07"]
[Board "86"]

1. e4 e5 2. Nf3 Nc6 3. Bc4 Bc5 4. c3 Nf6 5. d4 exd4 6. b4 Bb6 7. e5 d5 8. exf6 dxc4 9. Qe2+ Be6 10. b5 Nb4 11. cxb4 Qxf6 12. O-O O-O 13. a4 Bd5 14. Qe5 Qxe5 15. Nxe5 Rfe8 16. Bf4 d3 17. Nf3 Bxf3 18. gxf3 Bd4 19. Ra3 Re2 20. Nc3 Rc2 21. Nd5 Re8 22. Ne3 Bxe3 23. Bxe3 c3 24. Bd4 d2 25. Bxc3 Re2 26. Kg2 Rxf2+ 27. Rxf2 d1=Q 28. Be5 Rxf2+ 29. Kxf2 Qc2+ 30. Kg3 f6 31. Bf4 g5 32. Be3 b6 33. a5 Kf7 34. axb6 axb6 35. Ra7 Ke6 36. Ra8 h5 37. Rd8 Kf7 38. Rd7+ Ke6 39. Rd4 h4+ 40. Kh3 Qf5+ 41. Kg2 Qxb5 42. f4 Qe2+ 43. Bf2 h3+ 44. Kg3 Qf1 45. Kf3 Qg2+ 46. Ke3 Qxh2 47. fxg5 fxg5 48. Re4+ Kf5 49. Rc4 Qg2 50. Rxc7 h2 51. Rf7+ Kg4 0-1


[Site "https://www.chess.com"]

[Event "Titled Tuesday Blitz June 20 Early 2023"]
[White "Morefield, Jason"]
[Black "Womacka, Mathias"]
[WhiteFideId "30920825"]
[BlackFideId "4611390"]
[WhiteElo "2171"]
[BlackElo "2377"]
[Result "1-0"]
[Round "2"]
[TimeControl "180+2"]
[Date "2023.06.20"]
[WhiteClock "0:00:25"]
[BlackClock "0:00:10"]
[Board "87"]

1. e4 c5 2. Nf3 d6 3. d4 cxd4 4. Nxd4 Nf6 5. Nc3 a6 6. Be2 e5 7. Nb3 Be7 8. Be3 Be6 9. Nd5 Nxd5 10. exd5 Bf5 11. c4 Nd7 12. O-O O-O 13. f4 exf4 14. Bxf4 Bg6 15. Qd2 Bf6 16. Bxd6 Re8 17. c5 Ne5 18. Rae1 b6 19. Kh1 bxc5 20. Bxc5 a5 21. Bb5 Nd7 22. Rxe8+ Qxe8 23. Bd4 Bxd4 24. Qxd4 Qd8 25. d6 Nf6 26. Nc5 Qb6 27. a4 Rd8 28. d7 h6 29. b4 axb4 30. Qxb4 Nxd7 31. Nxd7 Rxd7 32. a5 Qd4 33. Qxd4 Rxd4 34. a6 Be4 35. Ra1 Rd2 36. Bf1 g5 37. a7 Ba8 38. Rb1 Kg7 39. Rb8 Bxg2+ 40. Bxg2 Rd1+ 41. Bf1 Rxf1+ 42. Kg2 Ra1 43. a8=Q Rxa8 44. Rxa8 f5 45. Ra6 Kh7 46. Kf3 Kg7 47. Ke3 Kf7 48. Kd4 f4 49. Ke4 Kg7 50. Kf5 1-0


[Site "https://www.chess.com"]

[Event "Titled Tuesday Blitz June 20 Early 2023"]
[White "Manukian, Artak"]
[Black "Darini, Pouria"]
[WhiteFideId "13301373"]
[BlackFideId "12502200"]
[WhiteElo "2130"]
[BlackElo "2482"]
[Result "1/2-1/2"]
[Round "2"]
[TimeControl "180+2"]
[Date "2023.06.20"]
[WhiteClock "0:00:09"]
[BlackClock "0:00:07"]
[Board "88"]

1. e4 c5 2. Nf3 Nc6 3. c3 Nf6 4. e5 Nd5 5. d4 cxd4 6. cxd4 d6 7. Nc3 e6 8. Bd3 dxe5 9. dxe5 Ndb4 10. Be4 Qxd1+ 11. Kxd1 Bd7 12. a3 Na6 13. b4 Nc7 14. Bb2 Be7 15. Ke2 O-O 16. Rhd1 Rfd8 17. Rd2 Be8 18. Rad1 Rxd2+ 19. Rxd2 h6 20. h4 a6 21. g3 Rb8 22. Bd3 Rd8 23. Bc4 b5 24. Rxd8 Bxd8 25. Bd3 Be7 26. Be4 Bd7 27. Ke3 Bd8 28. Ne2 Ne8 29. Kd3 Bb6 30. Ned4 Ne7 31. Bc1 a5 32. Be3 axb4 33. axb4 Bc7 34. Nb3 Nc6 35. Bxc6 Bxc6 36. Nbd4 Bd7 37. Bf4 Bb6 38. Nd2 Nc7 39. Nc2 Nd5 40. Be3 Nxe3 41. fxe3 f6 42. exf6 gxf6 43. Ne4 Kf7 44. Nc5 Bc6 45. Nd4 Be8 46. Ndxe6 Ke7 47. Nf4 Bf7 48. e4 Kd6 49. Kd4 Kc6 50. Nd5 Kd6 51. Nxf6 Bd8 52. Nd5 Bg8 53. e5+ Kc6 54. Nf6 Ba2 55. Ke4 Bb1+ 56. Kf4 Bc7 57. g4 Bb8 58. Nce4 Bc7 59. Kf5 Bb6 60. e6 Bd8 61. g5 hxg5 62. hxg5 Be7 63. g6 Bf8 64. e7 Bxe7 65. g7 Ba2 66. g8=Q Bxg8 67. Nxg8 Bxb4 68. Ngf6 Be7 69. Ke6 Bxf6 70. Kxf6 Kd5 71. Nc3+ Kc4 72. Nxb5 1/2-1/2


[Site "https://www.chess.com"]

[Event "Titled Tuesday Blitz June 20 Early 2023"]
[White "Principe, Alexander"]
[Black "Petrosian, Karlen"]
[WhiteFideId "3804542"]
[BlackFideId "4176146"]
[WhiteElo "2203"]
[BlackElo "2345"]
[Result "0-1"]
[Round "2"]
[TimeControl "180+2"]
[Date "2023.06.20"]
[WhiteClock "0:00:22"]
[BlackClock "0:01:13"]
[Board "89"]

1. e4 e6 2. d4 d5 3. Nc3 Nf6 4. e5 Nfd7 5. f4 c5 6. Nf3 Nc6 7. Be3 a6 8. Qd2 Qb6 9. Na4 Qb4 10. Qxb4 Nxb4 11. Kd2 b6 12. c3 Nc6 13. b3 Bb7 14. Bd3 c4 15. Bc2 b5 16. Nb2 b4 17. bxc4 bxc3+ 18. Kxc3 Bb4+ 19. Kd3 Ba3 20. Rab1 Nb4+ 21. Kd2 Nxc2 22. Kxc2 dxc4 23. Nxc4 Be4+ 24. Kd2 Bxb1 25. Rxb1 Be7 26. Rb7 Rc8 27. Kd3 Nb8 28. Nfd2 Nc6 29. a3 O-O 30. Ne4 Rb8 31. Rb6 Rxb6 32. Nxb6 Bxa3 33. g4 Rb8 34. Nc4 Be7 35. Kc3 Nb4 36. Ned6 Nd5+ 37. Kd2 Bxd6 38. exd6 Kf8 39. Nb6 Rxb6 40. f5 Rxd6 41. Bh6 gxh6 42. f6 Nxf6 43. g5 hxg5 44. h4 Rxd4+ 45. Kc2 Rxh4 46. Kd2 Rf4 47. Ke3 h5 48. Ke2 h4 49. Ke3 h3 50. Ke2 h2 51. Ke3 h1=Q 52. Ke2 0-1


[Site "https://www.chess.com"]

[Event "Titled Tuesday Blitz June 20 Early 2023"]
[White "Atakhan, Abtin"]
[Black "Grossboss19"]
[WhiteFideId "22502203"]
[WhiteElo "2008"]
[BlackElo "2448"]
[Result "1-0"]
[Round "2"]
[TimeControl "180+2"]
[Date "2023.06.20"]
[WhiteClock "0:01:09"]
[BlackClock "0:01:40"]
[Board "90"]

1. Nf3 Nf6 2. c4 c6 3. d4 d5 4. e3 Bg4 5. h3 Bxf3 6. Qxf3 e6 7. Nc3 Nbd7 8. Bd2 Bd6 9. Bd3 O-O 10. cxd5 exd5 11. g4 g6 12. h4 Ne8 13. e4 dxe4 14. Nxe4 Be7 15. h5 Nd6 16. Qh3 Nxe4 17. hxg6 Nef6 18. g7 Kxg7 19. Bxh7 Ng8 20. Bxg8 Bg5 21. Qh8+ Kg6 22. Rh6+ 1-0


[Site "https://www.chess.com"]

[Event "Titled Tuesday Blitz June 20 Early 2023"]
[White "Matveeva, Olga"]
[Black "Rastbod, Ali"]
[WhiteFideId "24107018"]
[BlackFideId "12567477"]
[WhiteElo "2009"]
[BlackElo "2281"]
[Result "0-1"]
[Round "2"]
[TimeControl "180+2"]
[Date "2023.06.20"]
[WhiteClock "0:00:00"]
[BlackClock "0:00:19"]
[Board "91"]

1. d4 Nf6 2. c4 e6 3. g3 c5 4. d5 exd5 5. cxd5 b5 6. e4 Nxe4 7. Bg2 Nd6 8. Nf3 Be7 9. O-O O-O 10. Be3 Nc4 11. Nc3 a6 12. d6 Bf6 13. Bxc5 Nxb2 14. Qc2 Bxc3 15. Qxc3 Na4 16. Qc2 Nxc5 17. Qxc5 Bb7 18. Qh5 g6 19. Qh6 Bxf3 20. Bxf3 Nc6 21. Qf4 Rc8 22. h4 Re8 23. Bd5 Rf8 24. h5 a5 25. Kg2 g5 26. Qf5 Nd4 27. Qe5 Ne6 28. h6 Rc5 29. Rac1 Qb6 30. Rxc5 Qxc5 31. Rc1 Qd4 32. Qxd4 Nxd4 33. Rc7 Rd8 34. Rb7 b4 35. Ra7 Nf5 36. Rxa5 Nxd6 37. Ra7 Kf8 38. Kf3 Ke7 39. g4 Rc8 40. Ke3 Rc3+ 41. Kd4 Nb5+ 42. Ke5 Nxa7 0-1


[Site "https://www.chess.com"]

[Event "Titled Tuesday Blitz June 20 Early 2023"]
[White "Van Foreest, Machteld"]
[Black "Martinez Ramirez, Lennis"]
[WhiteFideId "1051563"]
[BlackFideId "3509079"]
[WhiteElo "2018"]
[BlackElo "2410"]
[Result "0-1"]
[Round "2"]
[TimeControl "180+2"]
[Date "2023.06.20"]
[WhiteClock "0:00:09"]
[BlackClock "0:00:33"]
[Board "92"]

1. e4 c6 2. Nf3 d5 3. d3 Bg4 4. h3 Bxf3 5. Qxf3 Nf6 6. e5 Nfd7 7. d4 e6 8. Bd3 c5 9. c3 cxd4 10. cxd4 Nc6 11. Qf4 Qb6 12. Nc3 Qxd4 13. Qxd4 Nxd4 14. Be3 Nxe5 15. Bxh7 Rxh7 16. Bxd4 Nc6 17. Nb5 Nxd4 18. Nxd4 Rc8 19. Kd2 e5 20. Nb5 Bb4+ 21. Kd3 a6 22. Nc3 Bxc3 23. bxc3 Kd7 24. Rhe1 f6 25. Rab1 b5 26. Rb4 Rc4 27. f4 exf4 28. Rxc4 dxc4+ 29. Ke4 g5 30. Kf5 f3 31. gxf3 Rxh3 32. Re3 a5 33. Kxf6 g4 34. Re7+ Kd6 35. Re6+ Kd7 36. Re7+ Kd8 37. fxg4 Rf3+ 38. Ke6 Re3+ 0-1


[Site "https://www.chess.com"]

[Event "Titled Tuesday Blitz June 20 Early 2023"]
[White "Ajay Karthikeyan"]
[Black "Savitha Shri B"]
[WhiteFideId "35011685"]
[BlackFideId "35061887"]
[WhiteElo "2321"]
[BlackElo "2172"]
[Result "1-0"]
[Round "2"]
[TimeControl "180+2"]
[Date "2023.06.20"]
[WhiteClock "0:01:01"]
[BlackClock "0:00:16"]
[Board "93"]

1. e4 c5 2. Nf3 d6 3. Bb5+ Bd7 4. Bxd7+ Nxd7 5. O-O Ngf6 6. Re1 e5 7. c3 Be7 8. d4 cxd4 9. cxd4 O-O 10. Nc3 a6 11. b3 Rc8 12. Bb2 b5 13. Rc1 Qb6 14. h3 Rfd8 15. Nd5 Nxd5 16. exd5 Bf6 17. Rxc8 Rxc8 18. dxe5 dxe5 19. Nxe5 Bxe5 20. Bxe5 Qa5 21. Ba1 h5 22. d6 Qxa2 23. Qxh5 Qd2 24. Qd1 Qxd1 25. Rxd1 Rc2 26. Bd4 a5 27. Ra1 Rd2 28. Be3 Rxd6 29. Rxa5 Rd5 30. Kf1 Kh7 31. Ke2 Ne5 32. Ra7 Kg6 33. Rb7 Nc6 34. Rb6 Rd6 35. Rxb5 f6 36. g4 Ne5 37. f4 Nd3 38. h4 Kf7 39. h5 Nb2 40. g5 fxg5 41. fxg5 Ra6 42. g6+ Kf6 1-0


[Site "https://www.chess.com"]